AoeStats
← Delthea

Arena

510534885Analyzed
4v4 RM · 2d ago on Oct 1, 2026· 63m 49s· 8 players
Game mode
Random Map
Map size
Large (8 player)
Population
200
Speed
Normal
Resources
Standard
Victory
Conquest
Starting age
Dark Age
Ending age
Imperial Age
RankedLock teamsTeams togetherTeam positionsShared explorationLock speedFull tech treeHidden civsTurbo modeCheats
Victory
Defeat
🇹🇼 Cumans · Taiwan
1092
+12
🇹🇼 Turks · Taiwan
1086
+12
🇨🇳 Franks · China
1044
+14
🇹🇼 Khmer · Taiwan
1006
+15
🇬🇧 Bengalis · United Kingdom
1046
-15
🇵🇱 Britons · Poland
1022
-14
🇪🇸 Franks · Spain
1000
-40
🇫🇷 Cumans · France
951
-11
handelson.marcin
1:15 Loom
10:00 Feudal Age
10:26 Horse Collar
10:33 Double-Bit Axe
15:19 Gold Mining
17:41 Castle Age
17:37 Stone Mining
18:40 Bow Saw
18:32 Heavy Plow
22:06 Wheelbarrow
25:55 Hand Cart
29:08 Imperial Age
27:50 Gold Shaft Mining
27:19 Fletching
27:27 Pikeman
28:10 Bodkin Arrow
29:18 Ballistics
29:46 Forging
29:37 Scale Mail Armor
31:41 Iron Casting
31:06 Bracer
31:17 Halberdier
33:46 Blast Furnace
37:51 Elite Longbowman
39:02 Yeomen
39:21 Chain Mail Armor
39:07 Padded Archer Armor
39:40 Arrowslits
39:45 Guard Tower
40:09 Masonry
41:00 Chemistry
42:48 Plate Mail Armor
42:30 Squires
43:58 Two-Man Saw
43:46 Keep
43:41 Architecture
52:39 Hoardings
53:21 Fortified Wall
53:56 Conscription
BGz x LH
10:02 Feudal Age
13:54 Castle Age
13:01 Double-Bit Axe
12:59 Horse Collar
15:15 Loom
15:32 Horse Collar
16:03 Bow Saw
16:13 Heavy Plow
22:07 Gold Mining
22:11 Fletching
24:12 Bodkin Arrow
24:18 Padded Archer Armor
24:03 Elite Skirmisher
26:24 Ballistics
27:22 Leather Archer Armor
33:43 Imperial Age
35:01 Bracer
36:09 Chemistry
35:00 Elite Elephant Archer
36:20 Ring Archer Armor
41:31 Two-Man Saw
41:02 Crop Rotation
41:09 Gold Shaft Mining
40:25 Stone Mining
41:03 Caravan
45:19 Siege Elephant
47:50 Forging
47:45 Scale Barding Armor
48:12 Bloodlines
48:03 Husbandry
49:59 Paiks
53:43 Forging
53:54 Chain Barding Armor
53:37 Light Cavalry
55:58 Iron Casting
IsidoreDucasse
7:45 Loom
10:26 Feudal Age
11:23 Horse Collar
11:29 Double-Bit Axe
17:00 Wheelbarrow
19:34 Gold Mining
19:23 Man-at-Arms
22:56 Castle Age
22:24 Bloodlines
22:13 Stone Mining
22:38 Forging
22:33 Scale Barding Armor
22:19 Fletching
22:30 Padded Archer Armor
23:12 Long Swordsman
24:44 Scale Mail Armor
26:57 Chain Barding Armor
27:12 Iron Casting
36:40 Hand Cart
41:03 Town Watch
43:05 Coinage
43:19 Squires
43:59 Heavy Plow
44:12 Bow Saw
55:32 Imperial Age
Delthea
10:02 Feudal Age
10:39 Double-Bit Axe
10:52 Gold Mining
15:41 Loom
18:03 Castle Age
19:46 Scale Barding Armor
19:53 Forging
20:03 Husbandry
20:24 Stone Mining
22:20 Light Cavalry
25:07 Chain Barding Armor
29:14 Iron Casting
29:21 Gold Shaft Mining
31:38 Fortified Wall
31:23 Murder Holes
31:50 Ballistics
31:42 Masonry
31:12 Treadmill Crane
32:04 Bow Saw
34:29 Imperial Age
32:02 Fletching
33:45 Bodkin Arrow
34:55 Wheelbarrow
34:06 Town Watch
34:36 Cavalier
34:43 Cavalier
36:27 Blast Furnace
36:03 Plate Barding Armor
35:37 Chivalry
36:08 Caravan
37:05 Hand Cart
38:32 Conscription
38:49 Hoardings
39:48 Paladin
41:40 Scale Mail Armor
51:48 Chemistry
50:54 Siege Engineers
不会玩的别玩
11:14 Feudal Age
15:25 Castle Age
14:22 Double-Bit Axe
16:31 Bow Saw
22:44 Wheelbarrow
23:17 Gold Mining
25:59 Gold Shaft Mining
26:15 Stone Mining
29:59 Imperial Age
28:58 Treadmill Crane
29:38 Ballistics
29:32 Forging
29:22 Scale Mail Armor
29:27 Scale Barding Armor
29:14 Fletching
29:24 Padded Archer Armor
30:22 Hand Cart
30:39 Town Watch
30:23 Cavalier
31:03 Husbandry
32:12 Chemistry
31:18 Siege Engineers
31:50 Iron Casting
31:30 Chain Mail Armor
33:30 Onager
35:29 Town Patrol
35:49 Masonry
35:35 Murder Holes
35:50 Fortified Wall
36:43 Blast Furnace
36:13 Plate Mail Armor
36:04 Chain Barding Armor
35:08 Elite Skirmisher
36:46 Hoardings
36:32 Conscription
36:44 Loom
37:11 Paladin
38:25 Bodkin Arrow
39:30 Leather Archer Armor
40:42 Chivalry
41:59 Architecture
43:51 Plate Barding Armor
45:50 Caravan
46:20 Coinage
45:21 Elite Throwing Axeman
48:53 Banking
48:50 Guard Tower
48:45 Arrowslits
49:25 Pikeman
50:05 Squires
49:51 Arson
oppppppfpppppp
11:36 Feudal Age
12:51 Double-Bit Axe
12:48 Horse Collar
20:56 Castle Age
20:53 Scale Barding Armor
21:31 Bloodlines
21:47 Bow Saw
21:54 Heavy Plow
29:45 Gold Mining
33:24 Imperial Age
31:30 Wheelbarrow
31:52 Steppe Husbandry
31:15 Capped Ram
33:39 Gold Shaft Mining
33:27 Chain Barding Armor
34:03 Forging
35:28 Cavalier
36:47 Iron Casting
35:45 Light Cavalry
36:48 Siege Ram
37:11 Elite Skirmisher
37:39 Paladin
38:35 Hussar
40:35 Blast Furnace
40:11 Plate Barding Armor
39:29 Fletching
41:38 Ballistics
42:26 Chemistry
43:16 Murder Holes
43:44 Padded Archer Armor
45:02 Two-Man Saw
44:43 Crop Rotation
44:43 Onager
53:12 Hand Cart
52:43 Town Watch
52:44 Loom
52:58 Bodkin Arrow
53:18 Leather Archer Armor
CyanCheese20019
12:40 Feudal Age
16:21 Castle Age
14:18 Double-Bit Axe
14:25 Gold Mining
20:48 Imperial Age
26:49 Wheelbarrow
26:00 Loom
26:30 Bow Saw
26:53 Padded Archer Armor
32:50 Hand Cart
33:51 Town Watch
37:01 Horse Collar
40:13 Scale Barding Armor
40:35 Leather Archer Armor
41:34 Scale Barding Armor
41:48 Leather Archer Armor
43:32 Ring Archer Armor
43:20 Scale Barding Armor
43:54 Scale Barding Armor
43:40 Fletching
45:20 Bombard Tower
45:21 Ballistics
45:33 Bodkin Arrow
46:01 Conscription
46:34 Chain Barding Armor
46:45 Bracer
47:26 Gold Shaft Mining
46:54 Heavy Plow
46:47 Stone Mining
50:10 Artillery
51:04 Plate Barding Armor
50:40 Forging
53:07 Iron Casting
54:40 Bloodlines
54:31 Husbandry
57:38 Blast Furnace
59:25 Two-Man Saw
62:41 Masonry
nightmare116115
11:18 Feudal Age
12:06 Double-Bit Axe
12:56 Horse Collar
16:27 Castle Age
14:54 Gold Mining
16:39 Wheelbarrow
16:05 Stone Mining
16:51 Bloodlines
18:08 Bow Saw
19:41 Forging
19:26 Loom
19:44 Light Cavalry
22:03 Scale Barding Armor
23:17 Heavy Plow
26:32 Gold Shaft Mining
29:49 Imperial Age
27:59 Stone Shaft Mining
28:12 Husbandry
28:33 Fortified Wall
29:45 Hand Cart
31:19 Crop Rotation
31:52 Chain Barding Armor
32:04 Conscription
32:50 Chemistry
32:11 Ballistics
32:31 Double Crossbow
34:20 Plate Barding Armor
34:43 Elite Ballista Elephant
36:44 Fletching
37:31 Siege Engineers
38:12 Hussar
39:59 Iron Casting
43:37 Blast Furnace
49:44 Cavalier
49:48 Elite Battle Elephant
50:32 Tusk Swords
52:00 Caravan
Connection lost

Rejoining the realm…

Still unreachable

The connection could not be restored.

Session expired

The server has moved on; the page needs a fresh start.